 Dungeon Crawl Stone Soup version 0.31.0-32-g396128a36d (webtiles) character file.

Game seed: 10374451251871188535

134 PaiMei the Purveyor of Pain (level 4, 0/32 HPs)
             Began as a Demonspawn Necromancer on Apr 11, 2024.
             Was an Initiate of Kikubaaqudgha.
             Slain by Blork the orc
             ... wielding a +0 mace
              (5 damage)
             ... on level 4 of the Dungeon.
             The game lasted 00:04:23 (4030 turns).

PaiMei the Purveyor of Pain (DsNe)                  Turns: 4030, Time: 00:04:23

Health: 0/32       AC:  4    Str:  9    XL:     4   Next: 95%
Magic:  0/8        EV: 12    Int: 23    God:    Kikubaaqudgha [......]
Gold:   193        SH:  0    Dex: 13    Spells: 4/8 levels left

rFire   + . .        e - +0 whip
rCold   + . .        (no shield)
rNeg    . . .        a - +0 robe
rPois   .            (no helmet)
rElec   .            m - scarf {rC+ rF+}
rCorr   .            (no gloves)
SInv    .            (no boots)
Will    .....        (no amulet)
Stlth   ++           s - +6 ring of intelligence
HPRegen 0.25/turn    (no ring)
MPRegen 0.11/turn

%: no passive effects
@: no status effects
A: slimy green scales 1, powered by death 1, powered by pain 1
a: Renounce Religion


You were on level 4 of the Dungeon.
You worshipped Kikubaaqudgha.
Kikubaaqudgha was noncommittal.
You visited 1 branch of the dungeon, and saw 4 of its levels.

You collected 193 gold pieces.

Inventory:

Hand Weapons
 e - a +0 whip (weapon)
Missiles
 g - 6 poisoned darts
Armour
 a - a +0 robe (worn)
 m - a scarf of resistance (worn)
Jewellery
 s - a +6 ring of intelligence (left hand)
Scrolls
 f - 2 scrolls of immolation {unknown}
 h - a scroll of enchant weapon {unknown}
 i - 3 scrolls of vulnerability {unknown}
 k - a scroll of identify {unknown}
 l - 2 scrolls of teleportation {unknown}
 n - a scroll of revelation {unknown}
 p - a scroll of fear {unknown}
Potions
 b - a potion of magic
 c - a potion of might {unknown}
 d - 2 potions of degeneration {unknown}
 j - a potion of heal wounds {unknown}
 o - a potion of haste {unknown}
 q - 2 potions of invisibility {unknown}
 r - a potion of curing {unknown}
 t - a potion of ambrosia {unknown}


   Skills:
 + Level 1.2 Fighting
 + Level 2.8 Dodging
 - Level 2.4 Stealth
 + Level 2.9 Spellcasting
 + Level 5.1 Necromancy


You had 4 spell levels left.
You knew the following spells:

 Your Spells              Type           Power      Damage    Failure   Level
a - Necrotise             Necr           100%       1d9       1%          1
b - Vampiric Draining     Necr           27%        2d7       4%          3

Your spell library contained the following spells:

 Spells                   Type           Power      Damage    Failure   Level
 Slow                     Hex            12%        N/A       12%         1
 Animate Dead             Necr           27%        N/A       14%         4
 Confusing Touch          Hex            3%         N/A       34%         3
 Sigil of Binding         Hex            3%         N/A       34%         3
 Curse of Agony           Necr           27%        N/A       36%         5


Dungeon Overview and Level Annotations

Branches:
Dungeon (4/15)
 Temple: D:4-7

Altars:
Fedhas
Gozag
Kikubaaqudgha

Annotations:
D:3 exclusion: oklob plant
D:4 Blork the orc


Innate Abilities, Weirdness & Mutations

You are partially covered in slimy green scales. (AC +2)
You regenerate a little health from kills.
You sometimes gain a little power by taking damage.


Message History

You see here 10 gold pieces.
Blork the orc attacks as he pursues you!
Blork the orc hits you with a +0 mace! Blork the orc hits you with a +0 mace.
Blork the orc attacks as he pursues you!
Blork the orc hits you with a +0 mace.
Casting: Necrotise (safe; 1% risk of failure)
Confirm with . or Enter, or press ? or * to list all spells.
Aiming: Necrotise (safe; 1% risk of failure)
Press: ? - help, Shift-Dir - straight line, f - Blork the orc
Aim: Blork the orc, wielding a +0 mace and wearing a +0 robe (fast, chance to affect: 83%) Blork the orc writhes in agony.
Blork the orc barely misses you. x2
Casting: Necrotise (safe; 1% risk of failure)
Confirm with . or Enter, or press ? or * to list all spells.
Aiming: Vampiric Draining (dangerous; 4% risk of failure)
Press: ? - help, Shift-Dir - straight line, f/p - Blork the orc
Aim: Blork the orc, wielding a +0 mace and wearing a +0 robe (lightly wounded, fast)
You draw life force from Blork the orc!
You feel life coursing into your body! Blork the orc misses you.
Casting: Vampiric Draining (dangerous; 4% risk of failure)
Confirm with . or Enter, or press ? or * to list all spells.
Aiming: Vampiric Draining (dangerous; 4% risk of failure)
Press: ? - help, Shift-Dir - straight line, f/p - Blork the orc
Aim: Blork the orc, wielding a +0 mace and wearing a +0 robe (heavily wounded, fast)
You draw life force from Blork the orc.
You feel life coursing into your body.
Blork the orc screams, "I'll break your arms!"
Blork the orc gestures at you while chanting.
The magic dart hits you! Blork the orc hits you with a +0 mace.
* * * LOW HITPOINT WARNING * * *
Casting: Vampiric Draining (dangerous; 4% risk of failure)
Confirm with . or Enter, or press ? or * to list all spells.
You don't have enough magic to cast this spell.
Casting: Vampiric Draining (dangerous; 4% risk of failure)
Confirm with . or Enter, or press ? or * to list all spells.
Aiming: Necrotise (safe; 1% risk of failure)
Press: ? - help, Shift-Dir - straight line, f/p - Blork the orc
Aim: Blork the orc, wielding a +0 mace and wearing a +0 robe (severely wounded, fast, chance to affect: 83%) Blork the orc writhes in agony!
Blork the orc hits you with a +0 mace.
You die...
Kikubaaqudgha rasps: "You have failed me!
Welcome... death!"

### ..# #.# #####
#.############ ##...##
.............######.....#
..#####..........oSS$...#
................@##..S...#
.....#.#####.###.###S......#
####.#.# ..#........#.....#
#...##.## ###.####.......#
#.## # #.# ........ #.# #<#
.......# ####.####.## #.#
#...?..# ............ #.#
##.####...##


You could see Blork the orc (fast), an adder and a ball python.

Vanquished Creatures
  An orc wizard (D:3)
  An adder (D:2)
  4 dart slugs
  3 ribbon worms
  6 orcs (D:3)
  6 endoplasms
  2 giant cockroaches (D:3)
  6 goblins
  8 hobgoblins
  3 jackals (D:3)
  2 quokkas (D:2)
  10 ball pythons
  3 bats
  A frilled lizard (D:3)
  8 kobolds
  3 rats
67 creatures vanquished.

Vanquished Creatures (collateral kills)
  An adder (D:3)
1 creature vanquished.

Grand Total: 68 creatures vanquished

Notes
Turn   | Place    | Note
-------+----------+-------------------------------------------
     0 | D:1      | PaiMei the Demonspawn Necromancer began the quest for the
                  | Orb.
     0 | D:1      | Reached XP level 1. HP: 13/13 MP: 3/3
   595 | D:1      | Gained mutation: You sometimes gain a little power by
                  | taking damage. [demonic ancestry]
   595 | D:1      | Reached XP level 2. HP: 19/19 MP: 3/5
   838 | D:2      | Found a faded altar of an unknown god.
  1070 | D:2      | Gained mutation: You are partially covered in slimy green
                  | scales. (AC +2) [demonic ancestry]
  1070 | D:2      | Reached XP level 3. HP: 24/24 MP: 4/6
  1074 | D:2      | Learned a level 3 spell: Vampiric Draining
  2433 | D:3      | Gained mutation: You regenerate a little health from kills.
                  | [demonic ancestry]
  2433 | D:3      | Reached XP level 4. HP: 30/30 MP: 4/7
  2828 | D:3      | Noticed an ogre
  2912 | D:3      | Reached skill level 5 in Necromancy
  3053 | D:3      | Found an ancient bone altar of Kikubaaqudgha.
  3306 | D:3      | Became a worshipper of Kikubaaqudgha
  3668 | D:3      | Reached skill level 1 in Fighting
  3750 | D:3      | Found a blossoming altar of Fedhas.
  3773 | D:3      | Noticed an oklob plant
  3881 | D:4      | Noticed a phantom
  3980 | D:4      | Found an opulent altar of Gozag.
  4018 | D:4      | Noticed Blork the orc
  4030 | D:4      | Slain by Blork the orc

Illustrated notes

Levels and vault maps discovered:
D:1:      mrwooster_arrival_statue_3, layout_loops_cross, hangedman_decor_push
D:2:      layout_loops_cross, ebering_ecumenical_altar_mist, minmay_hedge_maze
D:3:      layout_basic, tgw_fedhas, mainiacjoe_overflow_cross_hatched
D:4:      layout_loops_ring, amcnicky_altar_gilded,
          nicolae_overflow_hallway_of_the_gods, uniq_blork_the_orc

Skill      XL: |  1  2  3  4 |
---------------+-------------+-----
Stealth        | 2 |  2.4
Dodging        | 2 |  2.8
Necromancy     | 5 |  5.1
Fighting       | 1 |  1.2
Spellcasting   | |  2.9

Action                     |  1- 3 |  4- 6 || total
---------------------------+-------+-------++-------
  Melee: Unarmed           |     3 |       ||     3
         Whip              |    32 |     2 ||    34
   Cast: Necrotise         |    92 |    48 ||   140
         Vampiric Draining |       |     2 ||     2
 Armour: Robe              |    45 |    21 ||    66
  Dodge: Dodged            |    45 |    15 ||    60
